 Dungeon Crawl Stone Soup version 0.30-a0-652-gcc886f7154 (webtiles) character file.

Game seed: 14349928614637778612

61 wormed the Sneak (level 3, -3/17 HPs)
             Began as a Felid Wanderer on Jan 18, 2023.
             Killed by nerve-wracking pain
             ... invoked by an orc priest
              (14 damage)
             ... on level 4 of the Dungeon.
             The game lasted 00:05:50 (3665 turns).

wormed the Sneak (Felid Wanderer)                   Turns: 3665, Time: 00:05:52

Health: -3/17      AC:  1    Str:  9    XL:     3   Next: 83%
Magic:  6/6        EV: 17    Int: 13    God:
Gold:   179        SH:  0    Dex: 16    Spells: 4/5 levels left
                                        Lives:  0   Deaths: 1

rFire   . . .      SeeInvis +      - Unarmed
rCold   . . .      Faith    .    (shield unavailable)
rNeg    . . .      Spirit   .    (body armour unavailable)
rPois   .          Reflect  .    (helmet unavailable)
rElec   .          Harm     .    (cloak unavailable)
rCorr   .          Rampage  .    (gloves unavailable)
Will    .....                    (boots unavailable)
Stlth   +++                      (no amulet)
HPRegen 0.22/turn                (no ring)
MPRegen 0.10/turn                (no ring)

@: quick
A: very small, claws 1, fangs 3, see invisible, speed 1, shaggy fur 1, stealthy
paws, no weapons or thrown items, no armour, multi-lived
a: no special abilities


You were on level 4 of the Dungeon.
You visited 1 branch of the dungeon, and saw 4 of its levels.

You collected 179 gold pieces.

Inventory:

Scrolls
 a - a scroll of poison {unknown}
 b - a scroll of teleportation
 c - 2 scrolls of vulnerability
 e - a scroll of fog
 m - 2 scrolls of blinking {unknown}
Potions
 d - a potion of might {unknown}
 f - 2 potions of haste {unknown}
 g - a potion of cancellation {unknown}
 h - a potion of degeneration {unknown}
 i - a potion of resistance {unknown}
 j - a potion of curing {unknown}
 k - a potion of flight {unknown}
 l - 2 potions of attraction {unknown}


   Skills:
 + Level 3.5 Fighting
 + Level 2.7 Dodging
 + Level 3.8 Stealth
 + Level 1.1 Unarmed Combat
 + Level 1.8 Spellcasting
 - Level 2.0 Translocations
 - Level 3.0 Evocations


You had 4 spell levels left.
You knew the following spells:

 Your Spells              Type           Power      Damage    Failure   Level
a - Apportation           Tloc           12%        N/A       11%         1

Your spell library contained the following spells:

 Spells                   Type           Power      Damage    Failure   Level
 Teleport Other           Tloc           6%         N/A       32%         3


Dungeon Overview and Level Annotations

Branches:
Dungeon (4/15)
 Temple: D:4-7

Altars:
Xom

Annotations:
D:4 Dowan, Duvessa


Innate Abilities, Weirdness & Mutations

You have sharp claws.
You have razor-sharp teeth.
You have supernaturally acute eyesight. (SInv)
You cover ground quickly. (Speed+)
You are covered in fur. (AC +1)
Your paws help you pounce on unaware monsters.
You are incapable of wielding weapons or throwing items.
You cannot wear armour.
You gain extra lives every three experience levels.


Message History

The hobgoblin throws a poisoned dart.
The poisoned dart hits you!
You are poisoned.
You feel sick.
The hobgoblin throws a poisoned dart.
The poisoned dart closely misses you.
You feel sick.
You feel sick.
You feel sick.
You feel sick.
The hobgoblin throws a poisoned dart.
The poisoned dart closely misses you.
You feel sick.
Found a scroll labelled DOUKOADU DIOMM.
You feel sick.
You feel sick.
You are no longer poisoned.
m - 2 scrolls labelled DOUKOADU DIOMM (gained 1)
Found 4 stones.
An orc priest and an endoplasm come into view.
Found 4 gold pieces.
You see here 4 stones. 2 orcs come into view.
Found a stone staircase leading down.
The orc shouts!
The orc priest shouts!
You hear an angry hiss.
You hear a shout!
You hear an angry hiss.
The orc shouts!
A ball python comes into view.
You scratch the orc priest.
The orc priest is lightly wounded.
The orc priest closely misses you.
An orc comes into view. It is wielding a +0 mace.
You scratch the orc priest. You bite the orc priest.
The orc priest is severely wounded.
The orc priest hits you with a +0 dagger.
You scratch the orc priest.
The orc priest is severely wounded.
The orc priest closely misses you.
You scratch the orc priest.
The orc priest is almost dead.
The orc priest invokes the aid of Beogh against you.
Pain shoots through your body!
Ouch! That really hurt!
You die...

#..## #.## ####.#
#....# ##.####
#..# #.##
######(######.###
..........@ooSo...
J.$.###.######o.##
## >... #####


You could see an orc priest, 3 orcs and a ball python.

Vanquished Creatures
  A jelly (D:3)
  An adder (D:2)
  A worm (D:2)
  3 dart slugs
  6 orcs
  9 endoplasms
  A giant cockroach (D:2)
  6 goblins
  6 hobgoblins
  12 kobolds
  A quokka (D:3)
  5 ball pythons
  2 bats
  3 frilled lizards
  3 rats (D:1)
60 creatures vanquished.

Vanquished Creatures (others)
  9 fungi (D:3)
  6 toadstools (D:3)
15 creatures vanquished.

Grand Total: 75 creatures vanquished

Notes
Turn   | Place    | Note
-------+----------+-------------------------------------------
     0 | D:1      | wormed the Felid Wanderer began the quest for the Orb.
     0 | D:1      | wormed set off with the following items: a wand of flame
                  | (14), a scroll of teleportation, a scroll of vulnerability;
                  | and the following spell memorised: Apportation; and the
                  | following spells available to memorise: Teleport Other.
     0 | D:1      | Reached XP level 1. HP: 10/10 MP: 3/3
   332 | D:1      | Reached XP level 2. HP: 12/14 MP: 4/4
  1157 | D:2      | Found a shimmering altar of Xom.
  1204 | D:2      | Reached XP level 3. HP: 17/17 MP: 6/6
  1363 | D:2      | Identified the +11 sling "Gamer" {antimagic, rPois Dex+3
                  | Stlth+}
  2554 | D:3      | Reached skill level 1 in Unarmed Combat
  2554 | D:3      | Reached XP level 4. HP: 8/21 MP: 7/7
  3010 | D:3      | HP: 1/21 [orc/+0 dagger (5)]
  3012 | D:3      | Slain by an orc wizard
  3013 | D:3      | Reached XP level 3. HP: -3/17 MP: 6/6
  3604 | D:4      | Noticed Duvessa
  3606 | D:4      | Noticed Dowan
  3665 | D:4      | Killed from afar by an orc priest

Illustrated notes

Levels and vault maps discovered:
D:1:      shiori_arrival_oz, layout_loops_corners
D:2:      wad_pebble_path, layout_loops_corners, basic_altar
D:3:      cheibrodos_fertilizer, layout_basic, portal_sewer_entry_d
D:4:      layout_basic, mainiacjoe_overflow_cross_hatched, uniq_duvessa,
          uniq_crazy_yiuf_cottage

Skill      XL: |  1  2  3 |
---------------+----------+-----
Stealth        | 3 |  3.8
Translocations | 2 |  2.0
Dodging        | 2 |  2.7
Unarmed Combat | 1 |  1.1
Evocations     | 3 |  3.0
Fighting       | |  3.5
Spellcasting   | |  1.8

Action                   |  1- 3 |  4- 6 || total
-------------------------+-------+-------++-------
Melee: Unarmed           |   202 |    45 ||   247
       Bite              |    26 |     7 ||    33
       Punch             |       |     1 ||     1
Evoke: Wand              |    11 |     3 ||    14
  Use: Scroll            |     3 |     2 ||     5
 Stab: Sleeping          |    11 |       ||    11
Armor: Skin              |    10 |     4 ||    14
Dodge: Dodged            |   147 |    30 ||   177

Table legend: (Time is in decaauts)
 A = Elapsed time spent in this place.
 B = Non-inter-level travel time spent in this place.
 C = Inter-level travel time spent in this place.
 D = Time resting spent in this place.
 E = Time spent auto-exploring this place.
 F = Levels seen in this place.
 G = Mean time per level.
                   A        B        C        D        E       F      G
               +--------+--------+--------+--------+--------+-----+--------+
         Total |   3143 |   2926 |    217 |      0 |   2106 |   4 |  785.8 |
       Dungeon |   3143 |   2926 |    217 |      0 |   2106 |   4 |  785.8 |
               +--------+--------+--------+--------+--------+-----+--------+

Top non-repeatable levels by time:
     D:2: 1315 daAuts
     D:1: 897 daAuts
     D:3: 819 daAuts
     D:4: 111 daAuts
